AoeStats
← ecerva.27

Arena

508885210Analyzed
4v4 RM · 8d ago on Sep 24, 2026· 30m 33s· 8 players
Game mode
Random Map
Map size
Large (8 player)
Population
200
Speed
Normal
Resources
Standard
Victory
Conquest
Starting age
Dark Age
Ending age
Imperial Age
RankedLock teamsTeams togetherTeam positionsShared explorationLock speedFull tech treeHidden civsTurbo modeCheats
Victory
Defeat
1341
+11
🇨🇳 Varangians · China
1234
+15
🇨🇳 Mongols · China
1165
+18
🇨🇳 Britons · China
1118
+18
🇲🇽 Varangians · Mexico
1223
-16
🇹🇼 Saxons · Taiwan
1222
-16
🇺🇸 Japanese · United States
1186
-15
🇨🇳 Franks · China
1186
-15
ecerva.27
10:22 Feudal Age
12:52 Loom
15:14 Castle Age
16:08 Double-Bit Axe
23:38 Forging
26:41 Wheelbarrow
26:20 Horse Collar
28:33 Bloodlines
29:09 Iron Casting
28:56 Gold Mining
29:20 Husbandry
32:40 Imperial Age
mark_aoe_2024
11:28 Feudal Age
15:16 Castle Age
13:31 Double-Bit Axe
14:37 Horse Collar
15:16 Gold Mining
15:18 Stone Mining
19:07 Scale Mail Armor
21:31 Bow Saw
23:06 Chain Mail Armor
23:31 Loom
24:20 Fletching
24:52 Forging
25:31 Bodkin Arrow
29:27 Wheelbarrow
LLK是给
bbkuan 冠宇
9:50 Feudal Age
8:29 Loom
10:20 Double-Bit Axe
19:20 Castle Age
17:33 Stone Mining
18:10 Fletching
22:14 Horse Collar
25:20 Sanctity
27:54 Wheelbarrow
32:41 Imperial Age
鸡翅包饭
10:13 Feudal Age
14:29 Castle Age
13:08 Double-Bit Axe
13:08 Horse Collar
15:48 Bow Saw
15:42 Heavy Plow
26:09 Wheelbarrow
28:30 Imperial Age
25:47 Loom
26:57 Scale Barding Armor
27:04 Forging
27:12 Hand Cart
26:43 Town Watch
27:40 Bloodlines
28:01 Gold Mining
28:27 Husbandry
28:49 Chain Barding Armor
28:49 Elite Steppe Lancer
30:42 Gold Shaft Mining
只想搞事
11:07 Feudal Age
14:41 Castle Age
12:54 Double-Bit Axe
15:26 Horse Collar
31:26 Imperial Age
30:01 Gold Mining
30:03 Stone Mining
还是从前那个少年
11:02 Feudal Age
11:45 Double-Bit Axe
11:43 Horse Collar
14:31 Castle Age
15:50 Bow Saw
15:42 Heavy Plow
22:30 Wheelbarrow
24:30 Hand Cart
27:49 Imperial Age
25:05 Loom
25:07 Treadmill Crane
25:19 Gold Mining
25:29 Stone Mining
27:07 Stone Shaft Mining
26:20 Town Watch
26:43 Scale Barding Armor
26:49 Forging
27:45 Chain Barding Armor
28:13 Bloodlines
28:03 Husbandry
29:05 Iron Casting
29:04 Conscription
29:23 Chain Barding Armor
28:42 Elite Jarl
31:44 Blast Furnace
ZHAOPENGFEI
10:46 Feudal Age
11:50 Loom
15:46 Castle Age
27:52 Fletching
30:03 Bodkin Arrow
Connection lost

Rejoining the realm…

Still unreachable

The connection could not be restored.

Session expired

The server has moved on; the page needs a fresh start.